 Dungeon Crawl Stone Soup version 0.27-a0-277-g024f7ef292 (webtiles) character file.

Game seed: 4359004419960335423

4687 Nattfarinn the Destroyer (level 10, -8/83 HPs)
             Began as a Purple Draconian Conjurer on Feb 7, 2021.
             Was a Believer of Vehumet.
             Killed from afar by an efreet (12 damage)
             ... with a bolt of fire
             ... on level 8 of the Dungeon.
             The game lasted 00:31:34 (12012 turns).

Nattfarinn the Destroyer (DrCj)                    Turns: 12012, Time: 00:31:35

Health: -8/83      AC:  7    Str: 10    XL:     10   Next: 21%
Magic:  16/17      EV: 16    Int: 22    God:    Vehumet [**....]
Gold:   497        SH:  0    Dex:  9    Spells: 13/19 levels left

rFire    . . .     SeeInvis .   y - staff of earth
rCold    + . .     Faith    .   (no shield)
rNeg     . . .     Spirit   .   (armour unavailable)
rPois    .         Reflect  .   (helmet restricted)
rElec    .         Harm     .   (no cloak)
rCorr    .         Rampage  .   (no gloves)
Will     +....                  (no boots)
Stlth    ++........             (no amulet)
HPRegen  0.23/turn              w - +4 ring of evasion
MPRegen  0.15/turn              p - ring of protection from cold

@: no status effects
A: breathe power, unfitting armour, cold-blooded, AC +7
a: Breathe Dispelling Energy, Renounce Religion


You were on level 8 of the Dungeon.
You worshipped Vehumet.
Vehumet was pleased with you.
You visited 2 branches of the dungeon, and saw 9 of its levels.

You collected 497 gold pieces.

Inventory:

Hand Weapons
 a - a +1 dagger
 r - a +3 dagger of venom
Missiles
 u - 7 javelins (quivered)
Magical Staves
 y - an uncursed staff of earth (weapon)
Jewellery
 n - an uncursed ring of fire
 p - a ring of protection from cold (right hand)
 w - a +4 ring of evasion (left hand)
 A - an uncursed amulet of faith
 E - a +6 ring of dexterity {unknown}
Wands
 i - a wand of digging (1)
Scrolls
 b - 3 scrolls of immolation
 e - 2 scrolls of fog
 h - 6 scrolls of remove curse
 k - 3 scrolls of teleportation
 t - a scroll of random uselessness {unknown}
 x - a scroll of vulnerability {unknown}
 z - a scroll of magic mapping
 F - a scroll of identify
Potions
 c - 4 potions of attraction
 d - 2 potions of lignification {unknown}
 f - a potion of haste {unknown}
 g - a potion of might {unknown}
 j - a potion of mutation {unknown}
 l - a potion of experience {unknown}
 m - a potion of curing
 o - a potion of degeneration {unknown}
 q - a potion of magic {unknown}
 s - 2 potions of berserk rage {unknown}
 v - a potion of brilliance {unknown}
 B - 3 potions of cancellation {unknown}
 C - a potion of heal wounds {unknown}
 D - a potion of flight {unknown}


   Skills:
 - Level 6.2 Fighting
 - Level 1.7 Dodging
 - Level 1.7 Stealth
 - Level 5.1 Spellcasting
 + Level 11.0 Conjurations
 - Level 9.0 Hexes


You had 13 spell levels left.
You knew the following spells:

 Your Spells              Type           Power        Failure   Level
b - Searing Ray           Conj           100%         1%          2
c - Fulminant Prism       Conj/Hex       24%          1%          4

Your spell library contained the following spells:

 Spells                   Type           Power        Failure   Level
 Foxfire                  Conj/Fire      100%         1%          1
 Magic Dart               Conj           100%         1%          1
 Slow                     Hex            45%          1%          2
 Dazzling Flash           Conj/Hex       98%          1%          3
 Conjure Flame            Conj/Fire      29%          3%          3
 Mephitic Cloud           Conj/Pois/Air  21%          7%          3
 Apportation              Tloc           10%          10%         1
 Iskenderun's Mystic Bla  Conj/Tloc      29%          11%         4
 Blink                    Tloc           N/A          16%         2
 Call Imp                 Summ           5%           16%         2


Dungeon Overview and Level Annotations

Branches:
Dungeon (8/15)             Temple (1/1) D:4
   Lair: D:8-11

Altars:
Ashenzari
Cheibriados
Dithmenos
Elyvilon
Fedhas
Gozag
Hepliaklqana
Kikubaaqudgha
Makhleb
Nemelex Xobeh
Okawaru
Qazlal
Ru
Sif Muna
Trog
Vehumet
Wu Jian
Xom
Zin
The Shining One

Annotations:
D:2 1 runed translucent door, Crazy Yiuf
D:5 1 runed translucent door, Sickboy's ghost, novice GnWr
D:6 3 runed translucent doors, iamserjio's ghost, weakling VSTm
D:8 3 runed translucent doors, UristMcRaven's ghost, novice GnTm


Innate Abilities, Weirdness & Mutations

You can breathe bolts of dispelling energy.
Your rich purple scales are hard. (AC +7)
You cannot fit into any form of body armour.
You are cold-blooded and may be slowed by cold attacks.


Message History

Casting: Searing Ray (safe; 1% risk of failure)
Confirm with . or Enter, or press ? or * to list all spells.
Okay, then.
The efreet gestures at you. The bolt of fire hits you!! x2
* * * LOW HITPOINT WARNING * * *
The bolt of fire hits the efreet.
The efreet completely resists.
A slime creature comes into view.
The efreet hits you with a +1 scimitar of flaming.
* * * LOW HITPOINT WARNING * * *
The efreet burns you.
* * * LOW HITPOINT WARNING * * *
Unknown command.
The kobold hits you but does no damage.
Unknown command.
As you read the scroll labelled IKYCEASEOS, it crumbles to dust.
You feel aware of your surroundings.
It was a scroll of magic mapping.
The efreet gestures at you. The bolt of fire misses you.
The bolt of fire hits you!
You die...

,,,,,##.#.....##...##
*,,,,...............#####
,,,,,...#...............##
,,***........#####.......#
,,,,*......#.#,,,###...###
*,,,,....K...#,,*..#..##
**,,,..>#...g####..####
,,,,,....##.K#.KJ#**
,,*,,.#....gKK.R@#
,**,,,##....##.K°#**
*,,,*.....##*####.°#
,,***#...#* *,,*..#
*,,*,#.##* *,,,###
,,,,,BB,* ***** ,,,*,,,,*
*,**,,,,** ****,,,,,*


You could see a slime creature, an efreet, a big kobold, a gnoll and 4 kobolds.

Vanquished Creatures
  Pikel (D:7)
  Joseph (D:7)
  Maggie (D:6)
  Duvessa (D:7)
  4 orc warriors
  2 ice beasts
  A sky beast (D:7)
  3 necrophages
  5 ogres
  3 centaurs
  A phantom (D:7)
  3 lemures (D:7)
  Blork the orc (D:5)
  2 bullfrogs (D:8)
  Dowan (D:7)
  3 scorpions
  8 killer bees
  2 centaur zombies
  A gnoll shaman (D:8)
  A hound (D:5)
  4 orc priests
  A bullfrog skeleton (D:8)
  5 jellies
  An iguana (D:7)
  Terence (D:2)
  5 orc wizards
  7 worker ants
  A hound skeleton (D:5)
  Robin (D:2)
  6 gnolls
  10 adders
  2 shadow imps
  A white imp (D:6)
  An ufetubus (D:4)
  2 adder zombies (D:6)
  An ooze (D:4)
  An adder skeleton (D:6)
  6 worms
  3 dart slugs (D:1)
  3 leopard geckos
  23 orcs
  2 giant cockroaches
  14 goblins
  12 hobgoblins
  4 jackals (D:1)
  4 kobolds
  4 quokkas
  6 bats
  9 frilled lizards
  10 rats
195 creatures vanquished.

Vanquished Creatures (others)
  12 fulminant prisms
12 creatures vanquished.

Grand Total: 207 creatures vanquished

Notes
Turn   | Place    | Note
-------+----------+-------------------------------------------
     0 | D:1      | Nattfarinn the Draconian Conjurer began the quest for the
                  | Orb.
     0 | D:1      | Reached XP level 1. HP: 14/14 MP: 3/3
   397 | D:1      | Reached XP level 2. HP: 11/20 MP: 0/5
  1178 | D:1      | Reached XP level 3. HP: 26/26 MP: 2/6
  1501 | D:2      | Learned a level 2 spell: Searing Ray
  1552 | D:2      | Found an opulent altar of Gozag.
  1590 | D:2      | Found a stormy altar of Qazlal.
  1661 | D:2      | Reached skill level 5 in Conjurations
  1733 | D:2      | Found a glowing golden altar of the Shining One.
  1735 | D:2      | Found a sacrificial altar of Ru.
  1741 | D:2      | Found a hazy altar of Hepliaklqana.
  1952 | D:2      | Found a broken altar of Ashenzari.
  1952 | D:2      | Found an ornate altar of the Wu Jian Council.
  2232 | D:2      | Noticed Robin
  2245 | D:2      | Reached XP level 4. HP: 33/33 MP: 4/8
  2335 | D:2      | Noticed Terence
  2361 | D:2      | Killed Robin
  2362 | D:2      | Killed Terence
  2479 | D:2      | Found a glowing silver altar of Zin.
  2637 | D:2      | Found a runed translucent door.
  2638 | D:2      | Noticed Crazy Yiuf
  3226 | D:3      | Reached XP level 5. HP: 38/38 MP: 5/9
  3872 | D:3      | Noticed an ice beast
  3877 | D:3      | Killed an ice beast
  3878 | D:3      | Reached skill level 6 in Conjurations
  4154 | D:3      | Reached XP level 6. HP: 45/45 MP: 5/11
  4462 | D:4      | Found a sparkling altar of Nemelex Xobeh.
  4951 | D:4      | Found a staircase to the Ecumenical Temple.
  4957 | Temple   | Entered the Ecumenical Temple
  5055 | Temple   | Became a worshipper of Vehumet
  5239 | D:5      | Entered Level 5 of the Dungeon
  5281 | D:5      | Noticed an orc warrior
  5718 | D:4      | Learned a level 4 spell: Fulminant Prism
  6031 | D:5      | Noticed Blork the orc
  6036 | D:5      | Reached skill level 7 in Conjurations
  6168 | D:5      | Your scales start taking on a rich purple colour.
  6168 | D:5      | Reached skill level 5 in Spellcasting
  6168 | D:5      | Reached XP level 7. HP: 50/50 MP: 2/14
  6261 | D:5      | Reached skill level 1 in Hexes
  6413 | D:5      | Reached skill level 1 in Fighting
  6970 | D:5      | Killed Blork the orc
  7210 | D:5      | Found a runed translucent door.
  7211 | D:5      | Noticed Sickboy's ghost (novice GnWr)
  7582 | D:5      | Reached XP level 8. HP: 52/63 MP: 7/15
  7645 | D:6      | Reached skill level 5 in Hexes
  7993 | D:6      | Found an iron altar of Okawaru.
  8032 | D:6      | Reached * piety under Vehumet
  8032 | D:6      | Offered knowledge of Freeze by Vehumet.
  8312 | D:6      | Noticed Maggie
  8874 | D:6      | Killed Maggie
  8875 | D:6      | Reached skill level 5 in Fighting
  9157 | D:6      | Found a shimmering blue altar of Sif Muna.
  9167 | D:6      | Reached XP level 9. HP: 74/74 MP: 11/16
  9238 | D:6      | Found a runed translucent gate.
  9238 | D:6      | Found a runed translucent gate.
  9244 | D:6      | Noticed iamserjio's ghost (weakling VSTm)
  9248 | D:6      | Noticed a kobold demonologist
  9252 | D:6      | Found a runed translucent gate.
  9464 | D:6      | Identified Sif Muna's Handbook of Orientation
  9603 | D:7      | Noticed Duvessa
  9609 | D:7      | Noticed Dowan
  9618 | D:7      | Killed Duvessa
  9620 | D:7      | Killed Dowan
 10000 | D:7      | Noticed Joseph
 10015 | D:7      | Killed Joseph
 10016 | D:7      | Reached skill level 8 in Conjurations
 10726 | D:7      | Reached skill level 9 in Conjurations
 10767 | D:7      | Noticed Pikel
 10784 | D:7      | Killed Pikel
 10785 | D:7      | Reached skill level 10 in Conjurations
 11312 | D:8      | Reached XP level 10. HP: 83/83 MP: 12/17
 11380 | D:8      | Found a runed translucent gate.
 11382 | D:8      | Found a runed translucent gate.
 11382 | D:8      | Noticed UristMcRaven's ghost (novice GnTm)
 11385 | D:8      | Noticed a five-headed hydra
 11422 | D:8      | Found a runed translucent gate.
 11538 | D:8      | Found a shimmering altar of Xom.
 11547 | D:8      | Reached ** piety under Vehumet
 11547 | D:8      | Offered knowledge of Foxfire by Vehumet.
 11980 | D:8      | Reached skill level 11 in Conjurations
 12010 | D:8      | HP: 4/83 [efreet/+1 scimitar of flaming (1)]
 12012 | D:8      | Killed from afar by an efreet

Illustrated notes

Levels and vault maps discovered:
D:1:      evilmike_arrival_fibonacci_small, layout_loops_ring, minmay_tripent
D:2:      layout_loops_ring, pdpol_temple_overflow_zin_treasury_gozag_greed,
          nicolae_qazlal_eye_of_the_storm, grunt_temple_overflow_open,
          uniq_crazy_yiuf_cottage, uniq_terence, uniq_robin
D:3:      layout_basic, corexii_leaking_fountain
D:4:      layout_rooms, nemelex_altar_shiori, minmay_temple_entry_fiery,
          minmay_misc_feat_pillars
D:5:      layout_rooms, ebering_ghost_inner_flame, uniq_blork_the_orc
D:6:      layout_rooms, led_sif_book, okawaru_ov_weapons_minmay,
          gammafunk_ghost_split, uniq_maggie
D:7:      layout_basic, uniq_pikel, uniq_duvessa, uniq_joseph
D:8:      minmay_blocky_corners, layout_cave_pools, basic_altar,
          nicolae_ossuary_entry_ruins, gammafunk_ghost_split
Temple:   minmay_temple_curvy_loop

Skill      XL: |  1  2  3  4  5  6  7  8  9 10 |
---------------+-------------------------------+-----
Conjurations   | 5 6 7 10 11 | 11.0
Spellcasting   | 3 5 |  5.1
Hexes          | 4 8 9 |  9.0
Fighting       | 3 5 6 |  6.2
Dodging        | |  1.7
Stealth        | |  1.7

Action                   |  1- 3 |  4- 6 |  7- 9 | 10-12 || total
-------------------------+-------+-------+-------+-------++-------
Melee: Unarmed           |    15 |       |       |       ||    15
       Tailslap          |     3 |       |     2 |       ||     5
       Dagger            |    11 |     3 |       |       ||    14
       Staff             |       |       |    20 |     4 ||    24
 Cast: Magic Dart        |    74 |     6 |     1 |       ||    81
       Searing Ray       |     2 |    51 |    81 |    21 ||   155
       Fulminant Prism   |       |     2 |    10 |       ||    12
 Abil: Breathe Dispellin |       |       |     1 |     1 ||     2
  Use: Scroll            |       |     2 |     7 |     1 ||    10
       Potion            |       |       |     2 |     1 ||     3
Armor: Skin              |     9 |    19 |    16 |     9 ||    53
Dodge: Dodged            |    34 |    34 |    83 |    51 ||   202

Table legend: (Time is in decaauts)
 A = Elapsed time spent in this place.
 B = Non-inter-level travel time spent in this place.
 C = Inter-level travel time spent in this place.
 D = Time resting spent in this place.
 E = Time spent auto-exploring this place.
 F = Levels seen in this place.
 G = Mean time per level.
                   A        B        C        D        E       F      G
               +--------+--------+--------+--------+--------+-----+--------+
         Total |  12036 |  11647 |    389 |   5058 |   5146 |   9 | 1337.3 |
       Dungeon |  11881 |  11548 |    333 |   5058 |   5053 |   8 | 1485.1 |
        Temple |    154 |     98 |     56 |      0 |     93 |   1 |  154.0 |
               +--------+--------+--------+--------+--------+-----+--------+

Top non-repeatable levels by time:
     D:7: 1915 daAuts
     D:4: 1875 daAuts
     D:6: 1696 daAuts
     D:5: 1533 daAuts
     D:3: 1512 daAuts
     D:1: 1482 daAuts
     D:2: 1443 daAuts
     D:8: 423 daAuts
  Temple: 154 daAuts
